[Event "Gibraltar Challengers B 2020"]
[Site "Caleta"]
[Date "2020.01.26"]
[Round "2.2"]
[White "Havik, Victor"]
[Black "Enkhtuul, Altan-Ulzii"]
[Result "0-1"]
[ECO "D70"]
[WhiteElo "2101"]
[BlackElo "2200"]
[Annotator "NA"]
[PlyCount "168"]
[EventDate "2020.01.20"]
[EventType "swiss"]
[EventCountry "GGB"]
[SourceTitle "playchess.com"]
[Source "ChessBase"]
[SourceQuality "1"]
[TimeControl "6600+10"]

1. Nf3 Nf6 2. c4 g6 3. Nc3 d5 4. cxd5 Nxd5 5. e4 Nb6 6. d4 Bg4 7. Be3 Bg7 8. Bb5+ {[%emt 0:01:31] D70: Grünfeld: Unusual White 3rd moves (met by ...d5)} c6 9. Be2 O-O 10. Rc1 (10. O-O N8d7 11. e5 Rc8 12. Ng5 Bxe2 13. Qxe2 h6 14. Nge4 Nd5 15. Rad1 Nxe3 16. Qxe3 Nb6 17. e6 f5 18. Nc5 {0-1 (50) Yermolinsky,A (2516)-Durarbayli,V (2624) Saint Louis 2014}) 10... N8d7 11. e5 $146 ({Predecessor:} 11. O-O e5 12. d5 cxd5 13. Nxd5 Nxd5 14. Qxd5 Nf6 15. Qxe5 Re8 {½-½ (31) Fodor,T (2422)-Farkas,G (2333) Hungary 2008}) 11... Kh8 12. h3 Bxf3 13. gxf3 f5 14. Qd2 ({Better is} 14. f4 $14) 14... Rc8 15. b4 ({White should try} 15. h4 $16) 15... Qe8 16. h4 Rd8 17. f4 h5 18. Rg1 Rg8 19. a4 Nf8 (19... a6 $14) 20. a5 $16 Nc8 21. Bc4 e6 22. Be2 Ne7 23. Qb2 a6 24. Na4 Nd5 25. Nc5 Qe7 26. Rh1 Bh6 27. Qd2 Rb8 28. Bf3 Kh7 29. Be2 Nd7 30. Bd3 Bf8 31. Ke2 Bh6 32. Kf3 Rgd8 33. Kg3 Nxc5 34. bxc5 Rd7 35. Rcd1 Rbd8 36. Bc4 Nc7 37. Qa2 Re8 38. Rd3 Nb5 39. Rhd1 Bf8 40. Qb3 Rdd8 41. Kh3 Bh6 42. Rg1 Qf7 43. Rg3 Re7 44. Rd1 Rg8 45. Rdg1 Qe8 46. R3g2 Qd7 47. Qb2 Qd8 48. Be2 Rgg7 49. Qb4 Rd7 50. Rd1 Rde7 51. Rgg1 Qd5 52. Kg3 Qd8 53. Bc4 Re8 54. Rd3 Rd7 55. Rgd1 Bf8 56. Qb3 Rde7 57. Qa2 Nc7 58. Rb1 Nb5 59. Rbd1 Qc8 60. Kh3 Nc7 61. Rb1 Nb5 62. Rbd1 Bh6 63. Kg3 Rd8 64. Kf3 Qd7 65. Kg3 Rde8 66. Bxb5 axb5 67. a6 bxa6 68. Qxa6 Qd5 69. Ra1 Qe4 70. Rda3 Rd8 71. Qb6 Rxd4 72. Ra7 Bxf4+ 73. Bxf4 Qxf4+ 74. Kg2 Qe4+ 75. Kf1 Qd3+ 76. Kg2 Rdd7 77. Rxd7 Qxd7 78. Ra8 Qd5+ 79. Kg1 Qd1+ 80. Kg2 Qg4+ 81. Kf1 Rd7 82. Ra7 Qh3+ 83. Ke2 Qd3+ 84. Ke1 Qd1# 0-1

[Event "Gibraltar Challengers B 2020"]
[Site "Caleta"]
[Date "2020.01.26"]
[Round "2.3"]
[White "Yanev, Pavel"]
[Black "Bengherabi, Khalil"]
[Result "1-0"]
[ECO "D05"]
[WhiteElo "2200"]
[BlackElo "2106"]
[Annotator "NA"]
[PlyCount "65"]
[EventDate "2020.01.20"]
[EventType "swiss"]
[EventCountry "GGB"]
[SourceTitle "playchess.com"]
[Source "ChessBase"]
[SourceQuality "1"]
[TimeControl "6600+10"]

1. Nf3 c5 2. b3 d5 3. e3 Nf6 4. Bb2 e6 5. d4 Nbd7 6. Nbd2 b6 7. Bd3 Bb7 8. O-O Be7 9. Ne5 O-O 10. Qf3 cxd4 11. exd4 Bb4 12. c3 Bd6 13. Qe2 $14 Qe7 14. a4 a6 15. f4 Rfe8 16. Rae1 Nf8 17. g4 N6d7 18. g5 f5 19. gxf6 gxf6 20. Qh5 fxe5 21. fxe5 Nxe5 22. dxe5 Bc5+ 23. Kg2 d4+ 24. Ne4 dxc3 25. Bc1 Qg7+ 26. Kh3 Rad8 27. Bc2 Bxe4 28. Rxe4 Kh8 29. Rg4 Qc7 30. Bg5 Be7 31. Rxf8+ Bxf8 32. Bf6+ Bg7 33. Qxh7# 1-0

[Event "Gibraltar Challengers B 2020"]
[Site "Caleta"]
[Date "2020.01.26"]
[Round "2.4"]
[White "Gonzalez Gonzalez, Alfonso"]
[Black "Levay, Sorin"]
[Result "0-1"]
[ECO "B16"]
[WhiteElo "2100"]
[BlackElo "2192"]
[Annotator "NA"]
[PlyCount "186"]
[EventDate "2020.01.20"]
[EventType "swiss"]
[EventCountry "GGB"]
[SourceTitle "playchess.com"]
[Source "ChessBase"]
[SourceQuality "1"]
[TimeControl "6600+10"]

1. e4 c6 2. Nc3 d5 3. Nf3 dxe4 4. Nxe4 Nf6 5. Nxf6+ gxf6 6. d4 Bg4 7. Bc4 e6 {[%emt 0:00:15] B16: Caro-Kann: Bronstein-Larsen Variation} 8. Be3 Nd7 9. Qe2 Nb6 10. Bb3 Qc7 $146 ({Predecessor:} 10... Nd5 11. h3 Bh5 12. g4 Bg6 13. Nd2 Qc7 14. O-O-O Bd6 15. Kb1 {½-½ (73) Hardarson,R (2295)-Solmundarson,M (2270) Reykjavik 1988}) 11. h3 Bh5 12. g4 Bg6 13. Nh4 O-O-O 14. Nxg6 hxg6 15. O-O-O Bh6 16. h4 f5 17. Kb1 fxg4 18. Qxg4 Nd5 19. h5 Bxe3 20. Bxd5 Rxd5 21. hxg6 Rxh1 22. Rxh1 Bxd4 23. g7 Bxg7 24. Qxg7 Qd7 25. b3 Rd1+ 26. Rxd1 Qxd1+ 27. Kb2 Qd7 28. Qh8+ Qd8 29. Qg7 Qe7 30. f4 b6 31. a4 Kd7 32. Qe5 Kc8 33. a5 bxa5 34. Qxa5 Qf6+ 35. Ka2 Qxf4 36. Qa6+ Kd7 37. Qxa7+ Qc7 38. Qd4+ Kc8 39. Qh8+ Kb7 40. Qe8 e5 41. Kb1 f5 42. Qf8 (42. Qe6 $17) 42... Qd7 43. Qb4+ Kc7 44. Qa5+ $1 Kd6 $11 45. Qd2+ Ke7 46. Qg5+ Kf7 47. Qh5+ Ke6 48. Qh6+ Ke7 49. Qg5+ Kd6 $5 50. Qd2+ Ke7 51. Qg5+ $1 Kf7 $11 52. Qh5+ Kg7 53. Qg5+ Kf8 54. Qf6+ Qf7 55. Qh8+ Ke7 56. Qxe5+ Qe6 57. Qg7+ Kd6 58. Qf8+ Kd5 59. Qd8+ Qd6 60. Qg8+ Ke5 61. Qh8+ Qf6 62. Qb8+ Ke4 63. Qb4+ Qd4 64. Qe1+ Qe3 65. Qb4+ Kf3 66. Qh4 Kg2 67. Qf6 Qe4 68. Qg6+ Kf1 69. Qh7 Qf3 70. Qh2 f4 71. Kb2 c5 72. Qh6 Ke1 73. Qh2 Qg3 74. Qh1+ Kf2 75. Qh5 Qg7+ 76. Kb1 Qd4 77. Qh4+ Ke2 78. Qh2+ Qf2 79. Qh5+ f3 80. Qe8+ Kd2 81. Qd8+ Qd4 82. Qa5+ Kd1 83. Qb5 Ke1 84. Qe8+ Kd2 85. Qb5 c4 86. Qg5+ Ke2 87. Qh5 c3 88. Ka2 Qa7+ 89. Kb1 Qe3 90. b4 Qe4 91. Qb5+ Kd2 92. Qd7+ Ke1 93. Qb5 f2 0-1

[Event "Gibraltar Challengers B 2020"]
[Site "Caleta"]
[Date "2020.01.26"]
[Round "2.5"]
[White "Prieto Martin, Alfonso"]
[Black "Schouten, Freek"]
[Result "1-0"]
[ECO "B06"]
[WhiteElo "2181"]
[BlackElo "2084"]
[Annotator "NA"]
[PlyCount "127"]
[EventDate "2020.01.20"]
[EventType "swiss"]
[EventCountry "GGB"]
[SourceTitle "playchess.com"]
[Source "ChessBase"]
[SourceQuality "1"]
[TimeControl "6600+10"]

1. e4 g6 2. d4 Bg7 3. Nc3 d6 4. Be3 a6 5. Qd2 Nd7 6. Nf3 b5 7. a4 b4 8. Nd5 a5 9. Bc4 e6 10. Nf4 Nb6 11. Bb3 Nf6 12. e5 Ne4 $15 13. Qc1 Ba6 14. Nd3 Rc8 15. Bh6 Bxh6 16. Qxh6 Qe7 17. O-O d5 18. Rfe1 Nd7 19. Nf4 c6 20. Rxe4 dxe4 21. Ng5 c5 22. Nxe4 c4 23. Nd6+ Kd8 24. Nxc8 Kxc8 25. Ba2 Nb6 26. Bb1 Bb7 27. c3 b3 28. f3 Qf8 29. Qxf8+ Rxf8 30. Be4 Kc7 31. Bxb7 Kxb7 32. Kf2 Kc6 33. Ke3 h6 34. Ke4 Rd8 35. h4 Re8 36. Nh3 Rg8 37. Nf2 h5 38. Nh3 Kd7 39. Ng5 Ke7 40. Nh7 Nd5 41. Rd1 Rb8 42. Nf6 Nxf6+ 43. exf6+ Kxf6 44. d5 exd5+ 45. Rxd5 Re8+ 46. Kd4 Re2 47. g4 hxg4 48. fxg4 Rxb2 49. Kxc4 Rh2 50. Kxb3 Rxh4 51. g5+ Ke6 52. Rxa5 f5 53. gxf6 Kxf6 54. Ra8 g5 55. a5 Rh1 56. Kb4 g4 57. Rg8 Kf5 58. a6 Ra1 59. Kb5 Ra3 60. c4 Kf4 61. c5 g3 62. c6 Kf3 63. c7 Rc3 64. c8=Q 1-0

[Event "Gibraltar Challengers B 2020"]
[Site "Caleta"]
[Date "2020.01.26"]
[Round "2.6"]
[White "Stolniceanu, Victor-Dumitru"]
[Black "Galvan, Jesus"]
[Result "0-1"]
[ECO "B31"]
[WhiteElo "2074"]
[BlackElo "2180"]
[Annotator "ChessBase"]
[PlyCount "97"]
[EventDate "2020.01.20"]
[EventType "swiss"]
[EventCountry "GGB"]
[SourceTitle "playchess.com"]
[Source "ChessBase"]
[SourceQuality "1"]
[TimeControl "6600+10"]

1. e4 c5 2. Nf3 Nc6 3. Bb5 g6 4. O-O Bg7 5. Bxc6 bxc6 6. d3 d6 7. h3 Nh6 8. c3 O-O 9. Be3 f6 10. Nbd2 Nf7 11. Nh2 Ba6 12. Qc2 e5 13. Rad1 f5 14. f4 exf4 15. Bxf4 g5 16. Be3 f4 17. Bf2 Ne5 18. Ndf3 Ng6 19. g4 fxg3 20. Bxg3 Nf4 21. Bxf4 Rxf4 22. Qg2 h6 23. Ng4 Bc8 24. Nfh2 Rxf1+ 25. Rxf1 Be6 26. a3 Qe7 27. h4 h5 28. Ne3 g4 29. Nf5 Bxf5 30. Rxf5 Qxh4 31. Qd2 Qg3+ 32. Kh1 Rf8 33. Rxf8+ Kxf8 34. Qg5 Qe5 35. Qd8+ Kf7 36. Qd7+ Kg6 37. Nxg4 hxg4 38. Qxg4+ Kh6 39. Qd7 c4 40. dxc4 Qxe4+ 41. Kg1 Qb1+ 42. Kg2 Qxb2+ 43. Kf1 Qc1+ 44. Ke2 Qc2+ 45. Kf1 Qd3+ 46. Kg2 Qe4+ 47. Kg1 Be5 48. Qe6+ Qg6+ {[%emt 0:00:02] Qh3+ Qe4 Qd7 Kg5 Qf5+ Kh6 Qh3+ Kg5} 49. Kf1 {[%emt 0:00:03] Qf5+ Kg1 Qe4} 0-1

[Event "Gibraltar Challengers B 2020"]
[Site "Caleta"]
[Date "2020.01.26"]
[Round "2.7"]
[White "Ungureanu, Sandu"]
[Black "Ask, Josef"]
[Result "0-1"]
[ECO "E77"]
[WhiteElo "2066"]
[BlackElo "2174"]
[Annotator "ChessBase"]
[PlyCount "66"]
[EventDate "2020.01.20"]
[EventType "swiss"]
[EventCountry "GGB"]
[SourceTitle "playchess.com"]
[Source "ChessBase"]
[SourceQuality "1"]
[TimeControl "6600+10"]

1. d4 Nf6 2. c4 g6 3. Nc3 Bg7 4. e4 d6 5. f4 O-O 6. Nf3 c5 7. d5 e6 8. Be2 exd5 9. exd5 Re8 10. O-O Bf5 11. Bd3 Qd7 12. Qc2 Na6 13. a3 Nc7 14. Bxf5 gxf5 15. Bd2 Rab8 16. a4 Na6 17. Rae1 Nb4 18. Qb3 a6 19. Rxe8+ Rxe8 20. Re1 h6 21. Ne2 a5 22. Ng3 Ne4 23. Bxb4 axb4 24. Qc2 Nxg3 25. hxg3 Rxe1+ 26. Nxe1 Qe7 27. Nf3 Qe4 28. Qxe4 fxe4 29. Nd2 e3 30. Ne4 Bxb2 31. Nxd6 Bc3 32. Kf1 b3 33. Ne4 Bb4 0-1

[Event "Gibraltar Challengers B 2020"]
[Site "Caleta"]
[Date "2020.01.26"]
[Round "2.8"]
[White "Zulkipli, Zaidan"]
[Black "Hamer, Martyn"]
[Result "1-0"]
[ECO "E63"]
[WhiteElo "2174"]
[BlackElo "2069"]
[Annotator "ChessBase"]
[PlyCount "57"]
[EventDate "2020.01.20"]
[EventType "swiss"]
[EventCountry "GGB"]
[SourceTitle "playchess.com"]
[Source "ChessBase"]
[SourceQuality "1"]
[TimeControl "6600+10"]

1. d4 Nf6 2. c4 g6 3. g3 Bg7 4. Bg2 O-O 5. Nc3 d6 6. Nf3 Nc6 7. O-O a6 8. h3 Rb8 9. e4 b5 10. d5 Na5 11. cxb5 axb5 12. b4 Nc4 13. Nd4 Bd7 14. a4 bxa4 15. b5 e6 16. Rxa4 exd5 17. exd5 Nb6 18. Ra7 Ra8 19. Rxa8 Qxa8 20. Nc6 Re8 21. Be3 Bxc6 22. bxc6 Qa5 23. Qb3 Na8 24. Bd4 Nh5 25. Bxg7 Nxg7 26. Ne4 Kh8 27. Nf6 Rd8 28. g4 Nb6 29. Qe3 1-0

[Event "Gibraltar Challengers B 2020"]
[Site "Caleta"]
[Date "2020.01.26"]
[Round "2.9"]
[White "Lung, Liviu-Catalin"]
[Black "Mihajlov, Svetoslav"]
[Result "0-1"]
[ECO "C77"]
[WhiteElo "2041"]
[BlackElo "2173"]
[Annotator "ChessBase"]
[PlyCount "59"]
[EventDate "2020.01.20"]
[EventType "swiss"]
[EventCountry "GGB"]
[SourceTitle "playchess.com"]
[Source "ChessBase"]
[SourceQuality "1"]
[TimeControl "6600+10"]

1. e4 e5 2. Nf3 Nc6 3. Bb5 a6 4. Ba4 Nf6 5. d4 Nxe4 6. Qe2 Nd6 7. dxe5 Nf5 8. Qe4 g6 9. g4 Nh4 10. Nc3 Nxf3+ 11. Qxf3 Bg7 12. Bxc6 dxc6 13. Bf4 Qh4 14. h3 Be6 15. O-O-O O-O 16. Qe3 h6 17. g5 Kh7 18. Rhg1 Rfd8 19. Rxd8 Rxd8 20. Ne4 h5 21. Rh1 Bd5 22. Rd1 Re8 23. Nc5 f6 24. c4 fxg5 25. cxd5 gxf4 26. Qd3 Rxe5 27. Rg1 Rg5 28. Rxg5 Qxg5 29. Ne4 Qxd5 30. f3 0-1

[Event "Gibraltar Challengers B 2020"]
[Site "Caleta"]
[Date "2020.01.26"]
[Round "2.10"]
[White "Hristodorescu, Daniel"]
[Black "Karlsson, Jorgen"]
[Result "1-0"]
[ECO "B06"]
[WhiteElo "2172"]
[BlackElo "2054"]
[Annotator "NA"]
[PlyCount "103"]
[EventDate "2020.01.20"]
[EventType "swiss"]
[EventCountry "GGB"]
[SourceTitle "playchess.com"]
[Source "ChessBase"]
[SourceQuality "1"]
[TimeControl "6600+10"]

1. e4 g6 2. d4 Bg7 3. Nc3 d6 4. Bg5 h6 5. Bh4 Nd7 (5... c6 6. Qd2 b5 7. f4 b4 8. Nd1 Nf6 9. Nf2 O-O 10. Qxb4 c5 11. dxc5 Na6 12. Bxa6 Bxa6 13. cxd6 {½-½ (94) Khusnutdinov,R (2491)-Golubov,S (2469) Moscow 2019}) 6. f4 {[%emt 0:01:39] B06: Modern Defence} c5 7. d5 ({Better is} 7. Bf2 $11) 7... Qa5 8. Qd2 (8. Qd3 $11) 8... a6 (8... Bxc3 $5 9. Qxc3 Qxc3+ 10. bxc3 Ngf6 $15) 9. Nf3 b5 10. Be2 Bb7 $146 (10... g5 $11 11. fxg5 hxg5 12. Bxg5 Ngf6) ({Predecessor:} 10... Bxc3 11. Qxc3 Qxc3+ 12. bxc3 Ngf6 13. Nd2 {1-0 (34) Urkedal,F (2316)-Filipovic,S (2230) Kallithea 2008}) 11. O-O Ngf6 12. a3 Qc7 13. Bd3 (13. e5 $1 $14) 13... Nb6 14. Rfe1 O-O 15. Rad1 Rac8 16. h3 Rfe8 17. g4 b4 18. axb4 cxb4 19. Ne2 a5 20. Ned4 Nc4 21. Qc1 Nd7 22. Bf2 Qb8 23. Qa1 Ndb6 (23... Qa8 $1 $11) 24. Qa2 a4 25. b3 $11 Na3 26. Nb5 Nxd5 27. exd5 Bxd5 28. Nfd4 axb3 29. cxb3 e5 30. Nxa3 bxa3 31. Nb5 exf4 32. Rxe8+ Rxe8 33. Qxa3 Be5 34. Bc4 Bf3 35. Rd2 h5 36. Nxd6 hxg4 37. hxg4 Rd8 38. Nxf7 Rxd2 39. Nxe5+ Bd5 40. Qc1 Rxf2 41. Bxd5+ Kh7 42. Kxf2 Qxe5 43. Qh1+ Kg7 44. Qe4 Qb2+ 45. Kf3 Qc3+ 46. Ke2 Qc1 47. Qe7+ Kh6 48. g5+ Kh5 49. Kf2 Qd2+ 50. Qe2+ Qxe2+ 51. Kxe2 Kxg5 52. b4 1-0

[Event "Gibraltar Challengers B 2020"]
[Site "Caleta"]
[Date "2020.01.26"]
[Round "2.11"]
[White "Hladik, Lumir"]
[Black "Sanchez Jerez, Emilio Miguel"]
[Result "0-1"]
[ECO "B33"]
[WhiteElo "2018"]
[BlackElo "2168"]
[Annotator "ChessBase"]
[PlyCount "70"]
[EventDate "2020.01.20"]
[EventType "swiss"]
[EventCountry "GGB"]
[SourceTitle "playchess.com"]
[Source "ChessBase"]
[SourceQuality "1"]
[TimeControl "6600+10"]

1. e4 c5 2. Nf3 Nc6 3. d4 cxd4 4. Nxd4 Nf6 5. Nc3 e5 6. Ndb5 d6 7. Bg5 a6 8. Na3 b5 9. Nd5 Be7 10. Bxf6 Bxf6 11. c3 O-O 12. g3 Bg5 13. Bg2 Be6 14. O-O Ne7 15. f4 Bxd5 16. fxg5 Be6 17. Nc2 Qb6+ 18. Kh1 a5 19. Qe1 Rad8 20. Ne3 d5 21. Nf5 Bxf5 22. exf5 f6 23. gxf6 gxf6 24. Qe2 d4 25. cxd4 Rxd4 26. Rad1 Rfd8 27. Rxd4 Rxd4 28. h3 b4 29. Qc2 Qd6 30. Qb3+ Kg7 31. Qa4 e4 32. Rf4 e3 33. Rxd4 Qxd4 34. Qc2 Nxf5 35. Qxf5 e2 0-1

[Event "Gibraltar Challengers B 2020"]
[Site "Caleta"]
[Date "2020.01.26"]
[Round "2.12"]
[White "Nebel, Jens"]
[Black "Martinez Lopez, Jaume"]
[Result "1-0"]
[ECO "B15"]
[WhiteElo "2168"]
[BlackElo "2042"]
[Annotator "ChessBase"]
[PlyCount "93"]
[EventDate "2020.01.20"]
[EventType "swiss"]
[EventCountry "GGB"]
[SourceTitle "playchess.com"]
[Source "ChessBase"]
[SourceQuality "1"]
[TimeControl "6600+10"]

1. e4 c6 2. d4 d5 3. Nc3 dxe4 4. Nxe4 Nf6 5. Ng5 c5 6. Bc4 e6 7. Ne2 Nc6 8. Nf3 a6 9. a4 b6 10. Bg5 Be7 11. O-O O-O 12. dxc5 Bxc5 13. Ng3 h6 14. Bd2 Qc7 15. Qe2 Nd4 16. Nxd4 Bxd4 17. c3 Bc5 18. Ne4 Nxe4 19. Qxe4 Bb7 20. Qg4 Kh8 21. Bb3 Bd6 22. Qh3 Bf4 23. Rfd1 Rad8 24. Be3 Bxe3 25. Qxe3 Rxd1+ 26. Rxd1 Rd8 27. Rd4 Rxd4 28. Qxd4 Qc6 29. f3 Qc5 30. Qxc5 bxc5 31. a5 Kg8 32. Bc4 Kf8 33. b4 cxb4 34. cxb4 Ke7 35. f4 f6 36. Kf2 e5 37. g3 Kd6 38. Ke3 Ke7 39. h4 Kd6 40. Be2 Ke6 41. Bd3 Kd6 42. Bc4 Ke7 43. fxe5 fxe5 44. b5 axb5 45. Bxb5 Kd6 46. a6 Bd5 47. a7 1-0

[Event "Gibraltar Challengers B 2020"]
[Site "Caleta"]
[Date "2020.01.26"]
[Round "2.13"]
[White "Patola, Eero"]
[Black "De Abreu, Roberto N"]
[Result "1/2-1/2"]
[ECO "A36"]
[WhiteElo "1831"]
[BlackElo "2154"]
[Annotator "ChessBase"]
[PlyCount "186"]
[EventDate "2020.01.20"]
[EventType "swiss"]
[EventCountry "GGB"]
[SourceTitle "playchess.com"]
[Source "ChessBase"]
[SourceQuality "1"]
[TimeControl "6600+10"]

1. c4 c5 2. Nc3 Nc6 3. g3 g6 4. Bg2 Bg7 5. e4 Nf6 6. Nge2 O-O 7. O-O Ne8 8. d3 Nc7 9. h3 d6 10. Rb1 Rb8 11. Nd5 b5 12. Nxc7 Qxc7 13. b3 a5 14. Be3 a4 15. cxb5 Rxb5 16. d4 axb3 17. axb3 cxd4 18. Nxd4 Nxd4 19. Bxd4 Bxd4 20. Qxd4 Be6 21. b4 Rc8 22. Rfe1 Qc3 23. Qxc3 Rxc3 24. Rb2 Bc4 25. Bf1 Bxf1 26. Kxf1 Rc4 27. f3 Rcxb4 28. Rd2 Rb2 29. Red1 R5b3 30. Kf2 h5 31. h4 Kg7 32. f4 Kf6 33. Rxb2 Rxb2+ 34. Kf3 Rb3+ 35. Kf2 Rc3 36. Rd5 Ke6 37. Ra5 Rc5 38. Ra7 d5 39. Ra6+ Kd7 40. exd5 Rxd5 41. Ke3 Rd6 42. Ra5 Ke6 43. Re5+ Kf6 44. Kf3 Rd3+ 45. Kf2 e6 46. Kg2 Rd5 47. Re3 Kf5 48. Kf3 f6 49. Ra3 Rb5 50. Rc3 e5 51. fxe5 fxe5 52. Rc6 Rb3+ 53. Kf2 Rb8 54. Ra6 Rf8 55. Ra4 Rf6 56. Ke3 Rd6 57. Rb4 Ra6 58. Kf3 Ra3+ 59. Kg2 Rd3 60. Rb6 Rd4 61. Ra6 Rd5 62. Rb6 e4 63. Kf2 Ra5 64. Ke3 Ra3+ 65. Kf2 Ra5 66. Rc6 Re5 67. Ke3 Rb5 68. Kf2 g5 69. hxg5 Rb2+ 70. Kg1 Kxg5 71. Re6 Kf5 72. Re8 Re2 73. Kf1 Rh2 74. Kg1 Rb2 75. Re7 Ra2 76. Re8 h4 77. gxh4 Kf4 78. h5 Kf3 79. Rf8+ Kg3 80. Rg8+ Kf3 81. Rf8+ Ke3 82. h6 Ra7 83. Rf6 Ke2 84. Kg2 e3 85. Re6 Kd2 86. Kg3 e2 87. Kg4 Ra6 88. Rxe2+ Kxe2 89. Kg5 Kf3 90. h7 Ra8 91. Kg6 Kg4 92. Kg7 Kg5 93. h8=Q Rxh8 1/2-1/2

[Event "Gibraltar Challengers B 2020"]
[Site "Caleta"]
[Date "2020.01.26"]
[Round "2.14"]
[White "Ankitha, Goud Palle"]
[Black "Longa Yauca, Javier"]
[Result "0-1"]
[ECO "A12"]
[WhiteElo "1761"]
[BlackElo "2154"]
[Annotator "ChessBase"]
[PlyCount "80"]
[EventDate "2020.01.20"]
[EventType "swiss"]
[EventCountry "GGB"]
[SourceTitle "playchess.com"]
[Source "ChessBase"]
[SourceQuality "1"]
[TimeControl "6600+10"]

1. Nf3 d5 2. c4 c6 3. b3 Nf6 4. g3 Bf5 5. Bg2 e6 6. O-O h6 7. Bb2 Be7 8. d3 O-O 9. Nbd2 Bh7 10. a3 a5 11. Bc3 Na6 12. Qb1 Nc5 13. Ra2 b5 14. Ne5 Qd6 15. Qa1 bxc4 16. bxc4 Na4 17. Bd4 c5 18. Be3 Rac8 19. d4 Rfd8 20. cxd5 Nxd5 21. dxc5 Qa6 22. Bd4 Bxc5 23. Nb3 Bxd4 24. Nxd4 f6 25. Nef3 e5 26. Nb3 Nac3 27. Rd2 Nxe2+ 28. Kh1 a4 29. Nc1 Nec3 30. Na2 Ne4 31. Rdd1 Qb6 32. Kg1 Rc2 33. Nb4 Rxf2 34. Rxf2 Qxf2+ 35. Kh1 Qxg2+ 36. Kxg2 Ne3+ 37. Kh3 Nf2+ 38. Kh4 Ng2+ 39. Kh5 g6+ 40. Kxh6 Ng4# 0-1

[Event "Gibraltar Challengers B 2020"]
[Site "Caleta"]
[Date "2020.01.26"]
[Round "2.15"]
[White "Royset, Pal"]
[Black "Raghav, Srivathsav V"]
[Result "1-0"]
[ECO "B07"]
[WhiteElo "2151"]
[BlackElo "2023"]
[Annotator "ChessBase"]
[PlyCount "129"]
[EventDate "2020.01.20"]
[EventType "swiss"]
[EventCountry "GGB"]
[SourceTitle "playchess.com"]
[Source "ChessBase"]
[SourceQuality "1"]
[TimeControl "6600+10"]

1. e4 d6 2. d4 Nf6 3. Nc3 g6 4. g3 Bg7 5. Bg2 O-O 6. Nge2 c6 7. O-O e5 8. h3 b5 9. Be3 Bb7 10. dxe5 dxe5 11. Qxd8 Rxd8 12. Nc1 Nfd7 13. Nb3 a5 14. Rfd1 Re8 15. a4 b4 16. Na2 Bf8 17. Bf1 Ba6 18. Bxa6 Rxa6 19. Rd3 c5 20. Nd2 Nb6 21. b3 Nc6 22. c3 c4 23. bxc4 Nxa4 24. cxb4 axb4 25. Nc1 Rea8 26. Ncb3 f5 27. f3 Nc3 28. Rxa6 Rxa6 29. Kf1 Ra2 30. g4 f4 31. Bb6 Be7 32. Rd7 Kf8 33. Rc7 Nd4 34. Bxd4 exd4 35. Rd7 Ke8 36. Rxd4 Rb2 37. c5 Nb1 38. c6 Bd8 39. Ke1 Bb6 40. Rd3 Nxd2 41. Nxd2 Rc2 42. Rb3 Ba5 43. Ke2 Rxc6 44. Kd3 Rd6+ 45. Kc2 Rc6+ 46. Kb2 Rc3 47. e5 Ke7 48. Ne4 Re3 49. Rxe3 fxe3 50. Ng3 g5 51. Nf5+ Ke6 52. Nxe3 Bc7 53. Kb3 Kxe5 54. Kxb4 Kf4 55. Nd5+ Kxf3 56. Nxc7 Kg3 57. Nd5 Kxh3 58. Nf6 Kg3 59. Kc5 Kf4 60. Kd6 h5 61. gxh5 Kf5 62. Ke7 g4 63. Nxg4 Kg5 64. Nf6 Kh6 65. Kf7 1-0

[Event "Gibraltar Challengers B 2020"]
[Site "Caleta"]
[Date "2020.01.26"]
[Round "2.16"]
[White "Ashwani, Kumar Grover"]
[Black "Voiteanu, Gabriel"]
[Result "0-1"]
[ECO "C45"]
[WhiteElo "1731"]
[BlackElo "2133"]
[Annotator "ChessBase"]
[PlyCount "81"]
[EventDate "2020.01.20"]
[EventType "swiss"]
[EventCountry "GGB"]
[SourceTitle "playchess.com"]
[Source "ChessBase"]
[SourceQuality "1"]
[TimeControl "6600+10"]

1. e4 e5 2. Nf3 Nc6 3. d4 exd4 4. Nxd4 Nf6 5. Nxc6 bxc6 6. e5 Qe7 7. Qe2 Nd5 8. c4 Nb6 9. Nc3 Qe6 10. Qe4 g6 11. Bd3 Bg7 12. Bf4 Ba6 13. b3 d5 14. cxd5 cxd5 15. Qe2 Bxd3 16. Qxd3 Bxe5 17. Bxe5 Qxe5+ 18. Qe3 Qxe3+ 19. fxe3 f5 20. Kf2 a5 21. Rhd1 c6 22. a4 Nd7 23. Ne2 Ne5 24. h3 Kd7 25. Rac1 Kd6 26. Nd4 Rab8 27. Rc3 Rb7 28. Ke2 Ra8 29. Rdc1 Ra6 30. g4 fxg4 31. hxg4 h6 32. Rg1 Re7 33. g5 h5 34. Rf1 Rf7 35. Rd1 Nd7 36. Nf3 Nc5 37. Nh4 Ne4 38. Rcc1 Rf2+ 39. Ke1 Rb6 40. Rd3 Rh2 41. Nf3 {[%emt 0:00:09] Ke5} 0-1

[Event "Gibraltar Challengers B 2020"]
[Site "Caleta"]
[Date "2020.01.26"]
[Round "2.17"]
[White "Kandic, Milan"]
[Black "Cannon, Richard J"]
[Result "1/2-1/2"]
[ECO "C12"]
[WhiteElo "2132"]
[BlackElo "1990"]
[Annotator "ChessBase"]
[PlyCount "71"]
[EventDate "2020.01.20"]
[EventType "swiss"]
[EventCountry "GGB"]
[SourceTitle "playchess.com"]
[Source "ChessBase"]
[SourceQuality "1"]
[TimeControl "6600+10"]

1. e4 e6 2. d4 d5 3. Nc3 Nf6 4. Bg5 Bb4 5. e5 h6 6. Bc1 Ne4 7. Qg4 g6 8. Nge2 Nxc3 9. Nxc3 c5 10. a3 Bxc3+ 11. bxc3 Qa5 12. Bd2 Qa4 13. Bd3 c4 14. Bxg6 Rg8 15. Bxf7+ Kxf7 16. Qh5+ Rg6 17. Ra2 Kg7 18. h4 Qd7 19. Rh3 Kh7 20. Rf3 Qg7 21. g4 Bd7 22. g5 Be8 23. Qg4 hxg5 24. hxg5 Nd7 25. Ke2 Bf7 26. Rh3+ Kg8 27. f4 Kf8 28. Ra1 Ke7 29. Rah1 Bg8 30. a4 Qf7 31. Rh6 Nf8 32. Bc1 Qf5 33. Ba3+ Kf7 34. Qxf5+ exf5 35. Rb1 b6 36. Bxf8 1/2-1/2

[Event "Gibraltar Challengers B 2020"]
[Site "Caleta"]
[Date "2020.01.26"]
[Round "2.19"]
[White "Ruperez, Miguel"]
[Black "Pakmor, Claus"]
[Result "1-0"]
[ECO "D35"]
[WhiteElo "2126"]
[BlackElo "1937"]
[Annotator "NA"]
[PlyCount "115"]
[EventDate "2020.01.20"]
[EventType "swiss"]
[EventCountry "GGB"]
[SourceTitle "playchess.com"]
[Source "ChessBase"]
[SourceQuality "1"]
[TimeControl "6600+10"]

1. d4 d5 2. c4 e6 3. Nc3 Nf6 4. cxd5 exd5 5. Bg5 c6 6. e3 Be7 7. Bd3 Nbd7 8. Nge2 h6 9. Bh4 Nh5 10. Bxe7 Qxe7 11. Qd2 Nb6 12. f3 Be6 13. O-O O-O 14. g4 Nf6 15. Ng3 c5 16. Rae1 Rae8 17. Kg2 Nc8 $14 18. h4 c4 19. Bb1 Qd7 20. Qc2 g6 21. h5 Ne7 22. Nce2 Kg7 23. Nf4 g5 24. Nh3 Rh8 25. Qd2 Rhg8 26. Nf2 Kh8 27. Qc2 Rg7 28. a4 b6 29. b3 Rc8 30. Ba2 Nc6 31. Qc3 cxb3 32. Qxb3 Na5 33. Qd1 Nc4 34. Nd3 Rgg8 35. Ne5 Nxe5 36. dxe5 Nh7 37. Bb1 Rgd8 38. Nf5 Rc4 39. Nxh6 Qxa4 40. Qd3 Nf8 41. Nxf7+ Bxf7 42. Qf5 Qd7 43. Qf6+ Kg8 44. Qxg5+ Kh8 45. Qf6+ Kg8 46. h6 Be8 47. h7+ Nxh7 48. Bxh7+ Qxh7 49. Rh1 Qg7 50. Qxd8 Rc2+ 51. Kg3 Qxe5+ 52. f4 Qe4 53. Qg5+ Bg6 54. Rh2 Rxh2 55. Kxh2 d4 56. Qd8+ Kf7 57. Qd7+ Kf8 58. Qxd4 1-0

[Event "Gibraltar Challengers B 2020"]
[Site "Caleta"]
[Date "2020.01.26"]
[Round "2.21"]
[White "Skutta, Bernd"]
[Black "Sousa, Ludy Helsio Paulo"]
[Result "0-1"]
[ECO "B54"]
[WhiteElo "1998"]
[BlackElo "2247"]
[Annotator "ChessBase"]
[PlyCount "81"]
[EventDate "2020.01.20"]
[EventType "swiss"]
[EventCountry "GGB"]
[SourceTitle "playchess.com"]
[Source "ChessBase"]
[SourceQuality "1"]
[TimeControl "6600+10"]

1. e4 c5 2. Nf3 d6 3. d4 cxd4 4. Qxd4 a6 5. c4 e5 6. Qd1 h6 7. Nc3 Nf6 8. Be2 Be6 9. O-O Nbd7 10. Re1 Rc8 11. Nd2 Be7 12. a4 a5 13. b3 O-O 14. Bf3 Nc5 15. Nf1 Nfd7 16. Ne3 Nb8 17. Ba3 Nc6 18. Nb5 Qb6 19. Rb1 Na7 20. Nc3 Qd8 21. Re2 Bg5 22. g3 Bxe3 23. Rxe3 Qb6 24. Re2 Kh8 25. Rd2 Rcd8 26. Bg2 Nc8 27. Nb5 Rd7 28. Bc1 f5 29. Nc3 Nxe4 30. Nxe4 fxe4 31. Bxe4 Ne7 32. Qc2 Nc6 33. Bb2 Nb4 34. Qd1 Rdf7 35. Qe1 Bf5 36. Bxf5 Rxf5 37. Qe3 Qc6 38. Rf1 Rf3 39. Qe2 Rxb3 40. Ba1 Rbf3 41. Qd1 0-1